 Dungeon Crawl Stone Soup version 0.29.0-11-gd7f09526c8 (webtiles) character file.

Game seed: 9561524837955609513

126 Zonian the Grave Robber (level 4, -2/30 HPs)
             Began as a Demonspawn Necromancer on Sept 4, 2022.
             Slain by a kobold brigand
             ... wielding a +0 short sword
              (7 damage)
             ... in a sewer.
             The game lasted 00:08:39 (5919 turns).

Zonian the Grave Robber (Demonspawn Necromancer)    Turns: 5919, Time: 00:08:41

Health: -2/30      AC:  5    Str:  9    XL:     4   Next: 84%
Magic:  1/8        EV: 12    Int: 18    God:
Gold:   94         SH:  7    Dex: 13    Spells: 5/9 levels left

rFire   . . .      SeeInvis .   o - +2 dagger (vamp)
rCold   . . .      Faith    .   c - +0 buckler
rNeg    . . .      Spirit   .   a - +0 robe
rPois   .          Reflect  .   (helmet restricted)
rElec   .          Harm     .   s - scarf {shadows}
rCorr   .          Rampage  .   (no gloves)
Will    .....                   p - +0 pair of boots
Stlth   ++........              (no amulet)
HPRegen 0.10/turn               (no ring)
MPRegen 0.11/turn               (no ring)

@: no status effects
A: antennae 1, yellow scales 1, condensation shield
a: no special abilities


You were in a sewer.
You visited 1 branch of the dungeon, and saw 3 of its levels.
You also visited: Sewer.

You collected 94 gold pieces.

Inventory:

Hand Weapons
 d - a +0 dagger
 o - a +2 vampiric dagger (weapon)
 u - a +0 sling
Armour
 a - a +0 robe (worn)
 c - a +0 buckler (worn)
 g - a +0 helmet
 p - a +0 pair of boots (worn)
 s - a scarf of shadows (worn)
Magical Staves
 k - a staff of death
Scrolls
 e - 3 scrolls of teleportation {unknown}
 f - 3 scrolls of identify {unknown}
 h - 2 scrolls of enchant weapon {unknown}
 i - a scroll of magic mapping {unknown}
 l - 3 scrolls of blinking {unknown}
 n - a scroll of enchant armour {unknown}
 q - a scroll of amnesia {unknown}
Potions
 b - a potion of curing {unknown}
 j - a potion of heal wounds {unknown}
 m - a potion of brilliance {unknown}
 r - a potion of mutation {unknown}
 t - a potion of lignification {unknown}


   Skills:
 - Level 2.4 Dodging
 - Level 2.6 Stealth
 + Level 3.1 Spellcasting
 + Level 5.2 Necromancy


You had 5 spell levels left.
You knew the following spells:

 Your Spells              Type           Power      Damage    Failure   Level
a - Necrotise             Necr           84%        1d8       2%          1
b - Vampiric Draining     Necr           21%        2d7       8%          3

Your spell library contained the following spells:

 Spells                   Type           Power      Damage    Failure   Level
 Animate Dead             Necr           21%        N/A       26%         4
 Agony                    Necr           21%        N/A       56%         5


Dungeon Overview and Level Annotations

Branches:
Dungeon (3/15)              Sewer (1/1)

Altars:

Shops:
D:1 *=[


Innate Abilities, Weirdness & Mutations

You have a pair of small antennae on your head.
You are partially covered in yellow scales. (AC +2)
A meltable shield of frost defends you. (SH +4)


Message History

Unknown command.
You barely miss the kobold brigand.
The kobold brigand is lightly wounded.
The kobold hits your jackal skeleton with a +0 short sword.
Your jackal skeleton is destroyed!
The kobold brigand hits you but does no damage.
Unknown command.
You barely miss the kobold brigand. You block the kobold brigand's attack.
Unknown command.
You barely miss the kobold brigand.
The kobold brigand hits you with a +0 short sword.
Unknown command.
You hit the kobold.
You kill the kobold!
The kobold brigand hits you with a +0 dagger.
The kobold brigand hits you with a +0 short sword.
Unknown command.
You hit the kobold brigand.
You feel better.
The kobold brigand is lightly wounded.
The kobold brigand hits you with a +0 dagger!
* * * LOW HITPOINT WARNING * * *
You block the kobold brigand's attack.
Unknown command.
Casting: Necrotise (safe; 2% risk of failure)
Confirm with . or Enter, or press ? or * to list all spells.
Aiming: Necrotise (safe; 2% risk of failure)
Press: ? - help, Shift-Dir - straight line, f - kobold brigand, p - kobold brigand
Aim: a kobold brigand, wielding a +0 short sword and quivering curare-tipped darts (lightly wounded, chance to affect: 80%)
The kobold brigand writhes in agony.
The kobold brigand hits you with a +0 dagger.
* * * LOW HITPOINT WARNING * * *
You block the kobold brigand's attack.
Casting: Necrotise (safe; 2% risk of failure)
Confirm with . or Enter, or press ? or * to list all spells.
Aiming: Necrotise (safe; 2% risk of failure)
Press: ? - help, Shift-Dir - straight line, f/p - kobold brigand
Aim: a kobold brigand, wielding a +0 short sword and quivering curare-tipped darts (moderately wounded, chance to affect: 80%)
The kobold brigand writhes in agony.
The kobold brigand barely misses you.
The kobold brigand hits you with a +0 short sword!
You die...

... ... ####.###
#..~....# #.~~~~~.#
#.~≈≈≈~~# #~~≈≈≈~~#
#)K≈≈≈~~# #@K~≈~~.#
#~.~≈~~.#
################~.~≈~~.#
~~~~~~~~~~~~~~~~~~~≈~..#
################.~~≈~..#
##.~≈~.## #.~≈~.#
#~≈≈~.### #.~≈~..∩#


You could see 2 kobold brigands.

Vanquished Creatures
  3 adders (D:2)
  2 river rats (Sewer)
  3 worms (D:2)
  A dart slug (D:2)
  4 orcs (D:3)
  5 ball pythons
  4 endoplasms
  A giant cockroach (D:3)
  3 goblins
  4 hobgoblins
  7 jackals
  3 quokkas
  5 bats
  3 frilled lizards
  7 kobolds
  8 rats
63 creatures vanquished.

Vanquished Creatures (collateral kills)
  A ball python (D:2)
  A giant cockroach (D:3)
2 creatures vanquished.

Vanquished Creatures (others)
  21 plants (D:2)
21 creatures vanquished.

Grand Total: 86 creatures vanquished

Notes
Turn   | Place    | Note
-------+----------+-------------------------------------------
     0 | D:1      | Zonian the Demonspawn Necromancer began the quest for the
                  | Orb.
     0 | D:1      | Reached XP level 1. HP: 13/13 MP: 3/3
    69 | D:1      | Found a faded altar of an unknown god.
   116 | D:1      | Found Qope's General Store.
   403 | D:1      | Found Niemos's Jewellery Emporium.
   414 | D:1      | Gained mutation: You have a pair of small antennae on your
                  | head. [demonic ancestry]
   414 | D:1      | Reached XP level 2. HP: 19/19 MP: 3/5
  1033 | D:1      | Found Myvu's Antique Armour Emporium.
  3330 | D:2      | Gained mutation: You are partially covered in yellow
                  | scales. (AC +2) [demonic ancestry]
  3330 | D:2      | Reached XP level 3. HP: 24/24 MP: 6/6
  3404 | D:2      | Learned a level 3 spell: Vampiric Draining
  4515 | D:2      | Gained mutation: A meltable shield of frost defends you.
                  | (SH +4) [demonic ancestry]
  4515 | D:2      | Reached XP level 4. HP: 29/30 MP: 5/7
  4693 | D:2      | Reached skill level 5 in Necromancy
  5437 | D:3      | Found a glowing drain.
  5446 | Sewer    | Entered a sewer
  5889 | Sewer    | Noticed a kobold brigand
  5901 | Sewer    | Noticed a kobold brigand
  5919 | Sewer    | Slain by a kobold brigand

Illustrated notes

Levels and vault maps discovered:
D:1:      amcnicky_arrival_gap_in_the_tavern_cellar, layout_basic,
          hellmonk_ecumenical_altar_crossroads, serial_shops,
          nicolae_shop_stone, shop, nicolae_shop_temple_entry_statues_fountains,
          nrook_mini_backslash, st_stairs_8
D:2:      layout_basic, serial_curves, eino_curves_03, eino_curves_02,
          eino_curves_04, serial_bayou_lagoon_b
D:3:      layout_basic, chequers_temple_overflow_statue_of_worship,
          gup_sewer_entry_pipe, chequers_serial_rivers_micro_c, hex_medium,
          amethyst_killhole, grunt_ministairs_15, minivault_19,
          interstate_on_off
Sewer:    sewer_kobolds

Skill      XL: |  1  2  3  4 |
---------------+-------------+-----
Stealth        | 2 |  2.6
Dodging        | 2 |  2.4
Necromancy     | 5 |  5.2
Spellcasting   | 3 |  3.1

Action                   |  1- 3 |  4- 6 || total
-------------------------+-------+-------++-------
Melee: Dagger            |    61 |    15 ||    76
       Unarmed           |     1 |       ||     1
       Staff             |    15 |     2 ||    17
       Punch             |     1 |       ||     1
 Cast: Necrotise         |    53 |    42 ||    95
  Use: Potion            |     1 |       ||     1
 Stab: Sleeping          |     3 |       ||     3
Armor: Robe              |    30 |     7 ||    37
Dodge: Dodged            |    90 |    22 ||   112
Block: Buckler           |     6 |    22 ||    28
